Workbook

Sheet Cuenta de Resultados
C1: 2025 | O1: 2026 | AB1: 2025 | AC1: 2026 | AD1: Var | AE1: Var %
C2: Enero | D2: Febrero | E2: Marzo | F2: Abril | G2: Mayo | H2: Junio | I2: Julio | J2: Agosto | K2: Septiembre | L2: Octubre | M2: Noviembre | N2: Diciembre | O2: Enero | P2: Febrero | Q2: Marzo | R2: Abril | S2: Mayo | T2: Junio | U2: Julio | V2: Agosto | W2: Septiembre | X2: Octubre | Y2: Noviembre | Z2: Diciembre | AB2: Total | AC2: Total | AD2: Total | AE2: Total
A4: Facturación | C4: =SUM(C5:C8) -> 0 | D4: =SUM(D5:D8) -> 0 | E4: =SUM(E5:E8) -> 0 | F4: =SUM(F5:F8) -> 0 | G4: =SUM(G5:G8) -> 0 | H4: =SUM(H5:H8) -> 0 | I4: =SUM(I5:I8) -> 0 | J4: =SUM(J5:J8) -> 0 | ... Z4: =SUM(Z5:Z8) -> 0 | AB4: =SUM(C4:N4) -> 0 | AC4: =SUM(O4:Z4) -> 0 | AD4: =+AC4-AB4 -> 0 | AE4: =+AD4/AB4 -> #DIV/0!
A5: B1 | C5: =+'Cálculo venta producto'!C16 -> 0 | D5: =+'Cálculo venta producto'!D16 -> 0 | E5: =+'Cálculo venta producto'!E16 -> 0 | F5: =+'Cálculo venta producto'!F16 -> 0 | G5: =+'Cálculo venta producto'!G16 -> 0 | H5: =+'Cálculo venta producto'!H16 -> 0 | I5: =+'Cálculo venta producto'!I16 -> 0 | J5: =+'Cálculo venta producto'!J16 -> 0 | ... Z5: =+'Cálculo venta producto'!Z16 -> 0 | AB5: =SUM(C5:N5) -> 0 | AC5: =SUM(O5:Z5) -> 0 | AD5: =+AC5-AB5 -> 0 | AE5: =+AD5/AB5 -> #DIV/0!
A6: B2 | C6: =+'Cálculo venta producto'!C17 -> 0 | D6: =+'Cálculo venta producto'!D17 -> 0 | E6: =+'Cálculo venta producto'!E17 -> 0 | F6: =+'Cálculo venta producto'!F17 -> 0 | G6: =+'Cálculo venta producto'!G17 -> 0 | H6: =+'Cálculo venta producto'!H17 -> 0 | I6: =+'Cálculo venta producto'!I17 -> 0 | J6: =+'Cálculo venta producto'!J17 -> 0 | ... Z6: =+'Cálculo venta producto'!Z17 -> 0 | AB6: =SUM(C6:N6) -> 0 | AC6: =SUM(O6:Z6) -> 0 | AD6: =+AC6-AB6 -> 0 | AE6: =+AD6/AB6 -> #DIV/0!
A7: B3 | C7: =+'Cálculo venta producto'!C18 -> 0 | D7: =+'Cálculo venta producto'!D18 -> 0 | E7: =+'Cálculo venta producto'!E18 -> 0 | F7: =+'Cálculo venta producto'!F18 -> 0 | G7: =+'Cálculo venta producto'!G18 -> 0 | H7: =+'Cálculo venta producto'!H18 -> 0 | I7: =+'Cálculo venta producto'!I18 -> 0 | J7: =+'Cálculo venta producto'!J18 -> 0 | ... Z7: =+'Cálculo venta producto'!Z18 -> 0 | AB7: =SUM(C7:N7) -> 0 | AC7: =SUM(O7:Z7) -> 0 | AD7: =+AC7-AB7 -> 0 | AE7: =+AD7/AB7 -> #DIV/0!
A8: B4 | C8: =+'Cálculo venta producto'!C19 -> 0 | D8: =+'Cálculo venta producto'!D19 -> 0 | E8: =+'Cálculo venta producto'!E19 -> 0 | F8: =+'Cálculo venta producto'!F19 -> 0 | G8: =+'Cálculo venta producto'!G19 -> 0 | H8: =+'Cálculo venta producto'!H19 -> 0 | I8: =+'Cálculo venta producto'!I19 -> 0 | J8: =+'Cálculo venta producto'!J19 -> 0 | ... Z8: =+'Cálculo venta producto'!Z19 -> 0 | AB8: =SUM(C8:N8) -> 0 | AC8: =SUM(O8:Z8) -> 0 | AD8: =+AC8-AB8 -> 0 | AE8: =+AD8/AB8 -> #DIV/0!
A10: Costes Directos | C10: =SUM(C11:C14) -> 0 | D10: =SUM(D11:D14) -> 0 | E10: =SUM(E11:E14) -> 0 | F10: =SUM(F11:F14) -> 0 | G10: =SUM(G11:G14) -> 0 | H10: =SUM(H11:H14) -> 0 | I10: =SUM(I11:I14) -> 0 | J10: =SUM(J11:J14) -> 0 | ... Z10: =SUM(Z11:Z14) -> 0 | AB10: =SUM(C10:N10) -> 0 | AC10: =SUM(O10:Z10) -> 0 | AD10: =+AC10-AB10 -> 0 | AE10: =+AD10/AB10 -> #DIV/0!
A11: B1 | C11: =+'Cálculo coste producto'!C16 -> 0 | D11: =+'Cálculo coste producto'!D16 -> 0 | E11: =+'Cálculo coste producto'!E16 -> 0 | F11: =+'Cálculo coste producto'!F16 -> 0 | G11: =+'Cálculo coste producto'!G16 -> 0 | H11: =+'Cálculo coste producto'!H16 -> 0 | I11: =+'Cálculo coste producto'!I16 -> 0 | J11: =+'Cálculo coste producto'!J16 -> 0 | ... Z11: =+'Cálculo coste producto'!Z16 -> 0 | AB11: =SUM(C11:N11) -> 0 | AC11: =SUM(O11:Z11) -> 0 | AD11: =+AC11-AB11 -> 0 | AE11: =+AD11/AB11 -> #DIV/0!
A12: B2 | C12: =+'Cálculo coste producto'!C17 -> 0 | D12: =+'Cálculo coste producto'!D17 -> 0 | E12: =+'Cálculo coste producto'!E17 -> 0 | F12: =+'Cálculo coste producto'!F17 -> 0 | G12: =+'Cálculo coste producto'!G17 -> 0 | H12: =+'Cálculo coste producto'!H17 -> 0 | I12: =+'Cálculo coste producto'!I17 -> 0 | J12: =+'Cálculo coste producto'!J17 -> 0 | ... Z12: =+'Cálculo coste producto'!Z17 -> 0 | AB12: =SUM(C12:N12) -> 0 | AC12: =SUM(O12:Z12) -> 0 | AD12: =+AC12-AB12 -> 0 | AE12: =+AD12/AB12 -> #DIV/0!
A13: B3 | C13: =+'Cálculo coste producto'!C18 -> 0 | D13: =+'Cálculo coste producto'!D18 -> 0 | E13: =+'Cálculo coste producto'!E18 -> 0 | F13: =+'Cálculo coste producto'!F18 -> 0 | G13: =+'Cálculo coste producto'!G18 -> 0 | H13: =+'Cálculo coste producto'!H18 -> 0 | I13: =+'Cálculo coste producto'!I18 -> 0 | J13: =+'Cálculo coste producto'!J18 -> 0 | ... Z13: =+'Cálculo coste producto'!Z18 -> 0 | AB13: =SUM(C13:N13) -> 0 | AC13: =SUM(O13:Z13) -> 0 | AD13: =+AC13-AB13 -> 0 | AE13: =+AD13/AB13 -> #DIV/0!
A14: B4 | C14: =+'Cálculo coste producto'!C19 -> 0 | D14: =+'Cálculo coste producto'!D19 -> 0 | E14: =+'Cálculo coste producto'!E19 -> 0 | F14: =+'Cálculo coste producto'!F19 -> 0 | G14: =+'Cálculo coste producto'!G19 -> 0 | H14: =+'Cálculo coste producto'!H19 -> 0 | I14: =+'Cálculo coste producto'!I19 -> 0 | J14: =+'Cálculo coste producto'!J19 -> 0 | ... Z14: =+'Cálculo coste producto'!Z19 -> 0 | AB14: =SUM(C14:N14) -> 0 | AC14: =SUM(O14:Z14) -> 0 | AD14: =+AC14-AB14 -> 0 | AE14: =+AD14/AB14 -> #DIV/0!
A15: transporte | AB15: =SUM(C15:N15) -> 0 | AC15: =SUM(O15:Z15) -> 0 | AD15: =+AC15-AB15 -> 0 | AE15: =+AD15/AB15 -> #DIV/0!
A17: Márgen I | C17: =+C4-C10-C15 -> 0 | D17: =+D4-D10-D15 -> 0 | E17: =+E4-E10-E15 -> 0 | F17: =+F4-F10-F15 -> 0 | G17: =+G4-G10-G15 -> 0 | H17: =+H4-H10-H15 -> 0 | I17: =+I4-I10-I15 -> 0 | J17: =+J4-J10-J15 -> 0 | ... Z17: =+Z4-Z10-Z15 -> 0 | AB17: =SUM(C17:N17) -> 0 | AC17: =SUM(O17:Z17) -> 0 | AD17: =+AC17-AB17 -> 0 | AE17: =+AD17/AB17 -> #DIV/0!
A19: Gastos Operativos | C19: =SUM(C20:C29) -> 0 | D19: =SUM(D20:D29) -> 0 | E19: =SUM(E20:E29) -> 0 | F19: =SUM(F20:F29) -> 0 | G19: =SUM(G20:G29) -> 0 | H19: =SUM(H20:H29) -> 0 | I19: =SUM(I20:I29) -> 0 | J19: =SUM(J20:J29) -> 0 | ... Z19: =SUM(Z20:Z29) -> 0 | AB19: =SUM(C19:N19) -> 0 | AC19: =SUM(O19:Z19) -> 0 | AD19: =+AC19-AB19 -> 0 | AE19: =+AD19/AB19 -> #DIV/0!
A20: Ventas y Marketing | AB20: =SUM(C20:N20) -> 0 | AC20: =SUM(O20:Z20) -> 0 | AD20: =+AC20-AB20 -> 0 | AE20: =+AD20/AB20 -> #DIV/0!
A21: Suministros | AB21: =SUM(C21:N21) -> 0 | AC21: =SUM(O21:Z21) -> 0 | AD21: =+AC21-AB21 -> 0 | AE21: =+AD21/AB21 -> #DIV/0!
A22: servicios exteriores | AB22: =SUM(C22:N22) -> 0 | AC22: =SUM(O22:Z22) -> 0 | AD22: =+AC22-AB22 -> 0 | AE22: =+AD22/AB22 -> #DIV/0!
A23: Reparaciones | AB23: =SUM(C23:N23) -> 0 | AC23: =SUM(O23:Z23) -> 0 | AD23: =+AC23-AB23 -> 0 | AE23: =+AD23/AB23 -> #DIV/0!
A24: Alquileres | AB24: =SUM(C24:N24) -> 0 | AC24: =SUM(O24:Z24) -> 0 | AD24: =+AC24-AB24 -> 0 | AE24: =+AD24/AB24 -> #DIV/0!
A25: Sueldos | AB25: =SUM(C25:N25) -> 0 | AC25: =SUM(O25:Z25) -> 0 | AD25: =+AC25-AB25 -> 0 | AE25: =+AD25/AB25 -> #DIV/0!
A26: Seguridad Social | AB26: =SUM(C26:N26) -> 0 | AC26: =SUM(O26:Z26) -> 0 | AD26: =+AC26-AB26 -> 0 | AE26: =+AD26/AB26 -> #DIV/0!
A30: Márgen II | C30: =+C17-C19 -> 0 | D30: =+D17-D19 -> 0 | E30: =+E17-E19 -> 0 | F30: =+F17-F19 -> 0 | G30: =+G17-G19 -> 0 | H30: =+H17-H19 -> 0 | I30: =+I17-I19 -> 0 | J30: =+J17-J19 -> 0 | ... Z30: =+Z17-Z19 -> 0 | AB30: =SUM(C30:N30) -> 0 | AC30: =SUM(O30:Z30) -> 0 | AD30: =+AC30-AB30 -> 0 | AE30: =+AD30/AB30 -> #DIV/0!
A32: Amortizaciones | AB32: =SUM(C32:N32) -> 0 | AC32: =SUM(O32:Z32) -> 0 | AD32: =+AC32-AB32 -> 0 | AE32: =+AD32/AB32 -> #DIV/0!
A33: Impuestos s/bº | AB33: =SUM(C33:N33) -> 0 | AC33: =SUM(O33:Z33) -> 0 | AD33: =+AC33-AB33 -> 0 | AE33: =+AD33/AB33 -> #DIV/0!
A35: Resultado neto | C35: =+C30-C32-C33 -> 0 | D35: =+D30-D32-D33 -> 0 | E35: =+E30-E32-E33 -> 0 | F35: =+F30-F32-F33 -> 0 | G35: =+G30-G32-G33 -> 0 | H35: =+H30-H32-H33 -> 0 | I35: =+I30-I32-I33 -> 0 | J35: =+J30-J32-J33 -> 0 | ... Z35: =+Z30-Z32-Z33 -> 0 | AB35: =SUM(C35:N35) -> 0 | AC35: =SUM(O35:Z35) -> 0 | AD35: =+AC35-AB35 -> 0
A38: Todos los ingresos y gastos registrados aquí no deben incluir IVA ni otros impuestos

Sheet Inversiones
C1: 2025 | O1: 2026
C2: Enero | D2: Febrero | E2: Marzo | F2: Abril | G2: Mayo | H2: Junio | I2: Julio | J2: Agosto | K2: Septiembre | L2: Octubre | M2: Noviembre | N2: Diciembre | O2: Enero | P2: Febrero | Q2: Marzo | R2: Abril | S2: Mayo | T2: Junio | U2: Julio | V2: Agosto | W2: Septiembre | X2: Octubre | Y2: Noviembre | Z2: Diciembre
A3: Listado | B3: valor
A5: Equipo 1
A6: Equipo 2
A7: Equipo 3
A8: Equipo 4
A9: Equipo 5
A10: Equipo 6
A11: Equipo 7
A12: Equipo 8
A13: Equipo 9
B15: =SUM(B4:B14) -> 0 | C15: =SUM(C4:C14) -> 0 | D15: =SUM(D4:D14) -> 0 | E15: =SUM(E4:E14) -> 0 | F15: =SUM(F4:F14) -> 0 | G15: =SUM(G4:G14) -> 0 | H15: =SUM(H4:H14) -> 0 | I15: =SUM(I4:I14) -> 0 | ... Z15: =SUM(Z4:Z14) -> 0
A16: Amort estimada | B16: =+B15/10 -> 0 | C16: =+C15/10 -> 0 | D16: =+D15/10 -> 0 | E16: =+E15/10 -> 0 | F16: =+F15/10 -> 0 | G16: =+G15/10 -> 0 | H16: =+H15/10 -> 0 | I16: =+I15/10 -> 0 | ... Z16: =+Z15/10 -> 0
A20: ** Son inversiones todos aquellos equipos, software, muebles, instalaciones que son necesarios para la actividad de la empresa y participen de la facturación en un periodo superior a un año
A21: ** Con la gestoría confirmaremos el periodo de amortización de los equipos en base a las tablas de amortización de Hacienda

Sheet Cálculo coste producto
C1: 2025 | O1: 2026
C2: Enero | D2: Febrero | E2: Marzo | F2: Abril | G2: Mayo | H2: Junio | I2: Julio | J2: Agosto | K2: Septiembre | L2: Octubre | M2: Noviembre | N2: Diciembre | O2: Enero | P2: Febrero | Q2: Marzo | R2: Abril | S2: Mayo | T2: Junio | U2: Julio | V2: Agosto | W2: Septiembre | X2: Octubre | Y2: Noviembre | Z2: Diciembre
A3: Unidades | B3: Descripción | C3: =SUM(C4:C7) -> 0 | D3: =SUM(D4:D7) -> 0 | E3: =SUM(E4:E7) -> 0 | F3: =SUM(F4:F7) -> 0 | G3: =SUM(G4:G7) -> 0 | H3: =SUM(H4:H7) -> 0 | I3: =SUM(I4:I7) -> 0 | J3: =SUM(J4:J7) -> 0 | ... Z3: =SUM(Z4:Z7) -> 0
A4: B1
A5: B2
A6: B3
A7: B4
A9: Coste Unitario
A10: B1
A11: B2
A12: B3
A13: B4
A15: Coste total | C15: =SUM(C16:C19) -> 0 | D15: =SUM(D16:D19) -> 0 | E15: =SUM(E16:E19) -> 0 | F15: =SUM(F16:F19) -> 0 | G15: =SUM(G16:G19) -> 0 | H15: =SUM(H16:H19) -> 0 | I15: =SUM(I16:I19) -> 0 | J15: =SUM(J16:J19) -> 0 | ... Z15: =SUM(Z16:Z19) -> 0
A16: B1 | C16: =+C4*C10 -> 0 | D16: =+D4*D10 -> 0 | E16: =+E4*E10 -> 0 | F16: =+F4*F10 -> 0 | G16: =+G4*G10 -> 0 | H16: =+H4*H10 -> 0 | I16: =+I4*I10 -> 0 | J16: =+J4*J10 -> 0 | ... Z16: =+Z4*Z10 -> 0
A17: B2 | C17: =+C5*C11 -> 0 | D17: =+D5*D11 -> 0 | E17: =+E5*E11 -> 0 | F17: =+F5*F11 -> 0 | G17: =+G5*G11 -> 0 | H17: =+H5*H11 -> 0 | I17: =+I5*I11 -> 0 | J17: =+J5*J11 -> 0 | ... Z17: =+Z5*Z11 -> 0
A18: B3 | C18: =+C6*C12 -> 0 | D18: =+D6*D12 -> 0 | E18: =+E6*E12 -> 0 | F18: =+F6*F12 -> 0 | G18: =+G6*G12 -> 0 | H18: =+H6*H12 -> 0 | I18: =+I6*I12 -> 0 | J18: =+J6*J12 -> 0 | ... Z18: =+Z6*Z12 -> 0
A19: B4 | C19: =+C7*C13 -> 0 | D19: =+D7*D13 -> 0 | E19: =+E7*E13 -> 0 | F19: =+F7*F13 -> 0 | G19: =+G7*G13 -> 0 | H19: =+H7*H13 -> 0 | I19: =+I7*I13 -> 0 | J19: =+J7*J13 -> 0 | ... Z19: =+Z7*Z13 -> 0

Sheet Cálculo venta producto
C1: 2025 | O1: 2026
C2: Enero | D2: Febrero | E2: Marzo | F2: Abril | G2: Mayo | H2: Junio | I2: Julio | J2: Agosto | K2: Septiembre | L2: Octubre | M2: Noviembre | N2: Diciembre | O2: Enero | P2: Febrero | Q2: Marzo | R2: Abril | S2: Mayo | T2: Junio | U2: Julio | V2: Agosto | W2: Septiembre | X2: Octubre | Y2: Noviembre | Z2: Diciembre
A3: Unidades | B3: Descripción | C3: =SUM(C4:C7) -> 0 | D3: =SUM(D4:D7) -> 0 | E3: =SUM(E4:E7) -> 0 | F3: =SUM(F4:F7) -> 0 | G3: =SUM(G4:G7) -> 0 | H3: =SUM(H4:H7) -> 0 | I3: =SUM(I4:I7) -> 0 | J3: =SUM(J4:J7) -> 0 | ... Z3: =SUM(Z4:Z7) -> 0
A4: B1
A5: B2
A6: B3
A7: B4
A9: Precio venta unitario
A10: B1
A11: B2
A12: B3
A13: B4
A15: Venta Total | C15: =SUM(C16:C19) -> 0 | D15: =SUM(D16:D19) -> 0 | E15: =SUM(E16:E19) -> 0 | F15: =SUM(F16:F19) -> 0 | G15: =SUM(G16:G19) -> 0 | H15: =SUM(H16:H19) -> 0 | I15: =SUM(I16:I19) -> 0 | J15: =SUM(J16:J19) -> 0 | ... Z15: =SUM(Z16:Z19) -> 0
A16: B1 | C16: =+C4*C10 -> 0 | D16: =+D4*D10 -> 0 | E16: =+E4*E10 -> 0 | F16: =+F4*F10 -> 0 | G16: =+G4*G10 -> 0 | H16: =+H4*H10 -> 0 | I16: =+I4*I10 -> 0 | J16: =+J4*J10 -> 0 | ... Z16: =+Z4*Z10 -> 0
A17: B2 | C17: =+C5*C11 -> 0 | D17: =+D5*D11 -> 0 | E17: =+E5*E11 -> 0 | F17: =+F5*F11 -> 0 | G17: =+G5*G11 -> 0 | H17: =+H5*H11 -> 0 | I17: =+I5*I11 -> 0 | J17: =+J5*J11 -> 0 | ... Z17: =+Z5*Z11 -> 0
A18: B3 | C18: =+C6*C12 -> 0 | D18: =+D6*D12 -> 0 | E18: =+E6*E12 -> 0 | F18: =+F6*F12 -> 0 | G18: =+G6*G12 -> 0 | H18: =+H6*H12 -> 0 | I18: =+I6*I12 -> 0 | J18: =+J6*J12 -> 0 | ... Z18: =+Z6*Z12 -> 0
A19: B4 | C19: =+C7*C13 -> 0 | D19: =+D7*D13 -> 0 | E19: =+E7*E13 -> 0 | F19: =+F7*F13 -> 0 | G19: =+G7*G13 -> 0 | H19: =+H7*H13 -> 0 | I19: =+I7*I13 -> 0 | J19: =+J7*J13 -> 0 | ... Z19: =+Z7*Z13 -> 0

Sheet Info
A1: Cuenta de resultados: muestra la foto de la facturación y los gastos generados por la empresa en un periodo determinado
A3: Palabras clave:
A4: Plan de viabilidad: es el ejercicio que todo emprendedor debe realizar para calcular las necesidades y proyectar los ingresos necesarios para que el negocio sea viable
A5: Presupuesto: en un entorno PiMe es el ejercicio de calcular los ingresos y gastos previstos para un periodo futuro. Nos ayuda a fijar objetivos de negocio a corto y medio plazo
A7: Todo plan o presupuesto debe ser revisado periódicamente y ajustado
A9: El Resultado neto positivo es la señal que nos indica que la empresa es viable.
A10: El Resultado negativo nos señala la necesidad de hacer ajustes.
B11: Incrementando los ingresos
B12: Revisando los márgenes
B13: Optimizando los gastos operativos
